 Dungeon Crawl Stone Soup version 0.29.1-1-gd02db6906a (webtiles) character file.

Game seed: 8225099506288863269

3166 vvl the Trooper (level 9, -4/62 HPs)
             Began as a Demonspawn Fighter on Oct 6, 2022.
             Was a Believer of Hepliaklqana.
             Slain by a hornet (14 damage)
             ... in a bailey.
             The game lasted 00:15:54 (5149 turns).

vvl the Trooper (Demonspawn Fighter)                Turns: 5149, Time: 00:15:56

Health: -4/62      AC:  9    Str: 23    XL:     9   Next: 63%
Magic:  15/15      EV: 10    Int: 11    God:    Hepliaklqana [**....]
Gold:   378        SH:  5    Dex: 14    Spells: 16/16 levels left

rFire   . . .      SeeInvis .   m - +2 dagger (elec)
rCold   . . .      Faith    .   c - +0 buckler
rNeg    + . .      Spirit   .   p - +1 leather armour of the Iron City of Dis {rN+ Regen+ Dex+2}
rPois   .          Reflect  .   A - +0 helmet
rElec   .          Harm     .   t - +0 cloak
rCorr   .          Rampage  .   B - +0 pair of gloves
Will    ++...      Rage     50% F - +0 pair of boots
Stlth   +.........              y - necklace of Bloodlust {*Rage Will++ Int-3 Slay+6}
HPRegen 1.00/turn               l - +6 ring of strength
MPRegen 0.14/turn               (no ring)

@: mighty, on berserk cooldown, slowed, studying Staves, very slow
A: reduced essence, hooves 2, foul stench 2, powered by death 1
a: Renounce Religion, Ancestor Life: Knight, Ancestor Life: Battlemage, Ancestor
Life: Hexer, Recall Ancestor, Ancestor Identity


You were in a bailey.
You worshipped Hepliaklqana.
Hepliaklqana was pleased with you.
You visited 2 branches of the dungeon, and saw 8 of its levels.
You also visited: Bailey.

You collected 378 gold pieces.

Inventory:

Hand Weapons
 a - a +0 war axe
 i - a +2 short sword of draining
 m - a +2 dagger of electrocution (weapon)
Armour
 c - a +0 buckler (worn)
 p - the +1 leather armour of the Iron City of Dis (worn) {rN+ Regen+ Dex+2}
   (You found it on level 2 of the Dungeon)

   Dex:       It affects your dexterity (+2).
   rN:        It protects you from negative energy.
   Regen:     It increases your rate of health regeneration.
 t - a +0 cloak (worn)
 z - a +2 robe of willpower
 A - a +0 helmet (worn)
 B - a +0 pair of gloves (worn)
 F - a +0 pair of boots (worn)
Jewellery
 l - a +6 ring of strength (left hand)
 w - an amulet of guardian spirit
 y - the necklace of Bloodlust (around neck) {*Rage Will++ Int-3 Slay+6}
   (You found it on level 4 of the Dungeon)

   [amulet of nothing]

   It extends the wearer's berserk rage when killing foes.
   Int:       It affects your intelligence (-3).
   Slay:      It affects your accuracy & damage with ranged weapons and melee
   (+6).
   *Rage:     It berserks you when you make melee attacks (+50% chance).
   Will:      It greatly increases your willpower.
Wands
 K - a wand of roots (10)
 L - a wand of polymorph (6)
Scrolls
 b - a scroll of amnesia {unknown}
 f - 10 scrolls of identify {unknown}
 h - 4 scrolls of teleportation {unknown}
 k - 3 scrolls of enchant armour {unknown}
 n - a scroll of blinking {unknown}
 o - a scroll of fear {unknown}
 s - 7 scrolls of butterflies {unknown}
 v - a scroll of enchant weapon {unknown}
 x - 3 scrolls of silence {unknown}
 C - a scroll of brand weapon {unknown}
 D - a scroll of magic mapping {unknown}
 G - a scroll of acquirement {unknown}
Potions
 e - 3 potions of flight {unknown}
 g - 3 potions of attraction {unknown}
 j - 3 potions of brilliance {unknown}
 q - a potion of magic {unknown}
 r - a potion of ambrosia {unknown}
 u - 2 potions of heal wounds {unknown}
 E - 3 potions of invisibility {unknown}
 H - a potion of haste {unknown}
 J - a potion of berserk rage {unknown}


   Skills:
 + Level 5.9 Fighting
 + Level 5.0 Axes
 + Level 2.3 Staves
 + Level 5.3 Armour
 + Level 5.3 Shields
 + Level 4.3 Spellcasting
 + Level 4.9 Conjurations
 + Level 5.3 Necromancy


You had 16 spell levels left.
You didn't know any spells.
Your spell library contained the following spells:

 Spells                   Type           Power      Damage    Failure   Level
 Sublimation of Blood     Necr           14%        N/A       6%          2
 Wereblood                Tmut           2%         N/A       45%         2
 Petrify                  Tmut/Erth      2%         N/A       98%         4
 Irradiate                Conj/Tmut      3%         3d12      98%         5
 Summon Hydra             Summ           1%         N/A       100%        7
 Borgnjor's Revivificati  Necr           7%         N/A       100%        8
 Necromutation            Tmut/Necr      4%         N/A       100%        8
 Death's Door             Necr           7%         N/A       100%        9


Dungeon Overview and Level Annotations

Branches:
Dungeon (7/15)             Temple (1/1) D:4          Bailey (1/1)

Altars:
Ashenzari
Cheibriados
Dithmenos
Fedhas
Gozag
Hepliaklqana
Kikubaaqudgha
Makhleb
Nemelex Xobeh
Okawaru
Qazlal
Ru
Sif Muna
Trog
Uskayaw
Vehumet
Wu Jian
Xom
Yredelemnul

Shops:
D:5 =

Annotations:
D:5 2 transporters, ChrisAssaf's ghost, novice HuVM
D:7 exclusion: ice statue, croobank's ghost, novice FeSu


Innate Abilities, Weirdness & Mutations

Your life essence is reduced to manifest your ancestor. (-10% HP)
You have hoof-like feet.
You sometimes emit foul miasma when damaged in melee.
You regenerate a little health from kills.


Message History

Aiming: Polymorph
Press: ? - help, Shift-Dir - straight line, f - centaur
Aim: a centaur, wielding a +0 trident, wearing a +0 chain mail and quivering javelins (will become a warg, a hornet, or a wolf, chance to affect: 49%)
The centaur evaporates and reforms as a hornet!
Beorhtric hits the orc but does no damage.
The centaur throws a javelin.
The javelin pierces through Beorhtric!
The javelin closely misses you.
The orc hits Beorhtric with a +0 trident.
Beorhtric hits the orc.
The orc closely misses Beorhtric.
An orc comes into view. It is wielding a +0 trident.
The centaur throws a javelin.
The javelin pierces through Beorhtric!
Beorhtric is destroyed!
The javelin pierces through you.
The orc shouts!
The hornet stings you but does no damage.
The hornet stings you!
* * * LOW HITPOINT WARNING * * *
You feel as though you will be slow longer.
The centaur throws a javelin.
The javelin closely misses you. Why would you want to do that?
The hornet attacks as you move away!
The hornet stings you but does no damage.
The hornet stings you!
* * * LOW HITPOINT WARNING * * *
You feel as though you will be slow longer.
You block the hornet's attack.
Unknown command.
You feel very mighty all of a sudden. The hornet barely misses you.
The hornet closely misses you. You block the orc's attack.
You hit the hornet. Lightning courses through the hornet!!
The hornet is severely wounded.
You block the hornet's attack. x2; The orc barely misses you.
You hit the hornet.
The hornet is almost dead.
The hornet completely misses you.
The orc hits you from afar with a +0 halberd.
* * * LOW HITPOINT WARNING * * *
The hornet stings you!
You die...

#..≈≈.o≈≈≈≈≈≈≈....≈≈##
#.≈≈.≈≈≈.....≈≈≈...≈≈##
##o≈o≈≈))≈≈≈≈≈..≈≈..⌠≈≈#
#.≈≈.≈.≈≈≈...≈≈≈.≈≈.$≈≈#
#.≈.≈≈)≈..⌠.⌠..≈≈.≈o..≈#
#)≈.coo≈..∩∩∩..(..≈...≈#
#.≈.≈≈o≈..⌠.⌠..≈≈.≈..$≈#
#.≈≈.≈y≈≈≈...≈≈≈.≈≈.$≈≈#
##.≈.≈≈@.≈≈≈≈≈..≈≈o.⌠≈≈#
#.≈≈.≈≈≈.....≈≈≈...≈≈##
#..≈≈..≈≈≈≈≈≈≈....≈≈##
#.⌠o≈≈≈.......≈≈..≈##
##...o≈≈≈≈≈≈≈≈≈...≈#
#####........ #########


You could see a hornet, a centaur and 7 orcs.

Vanquished Creatures
  Pikel (D:4)
  A cyclops (D:6)
  An unseen horror (D:6)
  Eustachio (D:6)
  A wyvern (D:7)
  3 centaurs
  An ogre (D:7)
  A phantom (D:5)
  A kobold brigand (D:6)
  A scorpion (D:4)
  A water moccasin zombie (D:6)
  5 killer bees (D:7)
  A gnoll bouda (D:6)
  2 hounds
  3 jellies
  3 orc priests
  Jessica (D:3)
  6 iguanas
  2 orc wizards
  A howler monkey zombie (D:6)
  6 gnolls
  6 adders
  3 shadow imps (D:6)
  2 white imps (D:7)
  2 ufetubi
  3 worms
  4 dart slugs
  13 orcs
  4 ball pythons
  3 endoplasms
  3 giant cockroaches
  6 hobgoblins
  7 jackals
  9 kobolds
  6 quokkas
  6 bats
  A frilled lizard (D:1)
  6 goblins
  4 rats
131 creatures vanquished.

Vanquished Creatures (collateral kills)
  A bullfrog (D:7)
  A killer bee (D:7)
  A howler monkey (D:6)
  A hound (D:6)
  An orc wizard (D:7)
  An adder (D:4)
  An orc (Bailey)
7 creatures vanquished.

Vanquished Creatures (others)
  An ancestor (Bailey)
  An orc (Bailey)
  3 fungi (D:7)
  6 plants (D:5)
11 creatures vanquished.

Grand Total: 149 creatures vanquished

Notes
Turn   | Place    | Note
-------+----------+-------------------------------------------
     0 | D:1      | vvl the Demonspawn Fighter began the quest for the Orb.
     0 | D:1      | Reached XP level 1. HP: 18/18 MP: 1/1
   220 | D:1      | Gained mutation: You may rarely emit foul miasma when
                  | damaged in melee. [demonic ancestry]
   220 | D:1      | Reached XP level 2. HP: 22/24 MP: 2/2
   436 | D:1      | Found a faded altar of an unknown god.
   774 | D:2      | Gained mutation: You sometimes emit foul miasma when
                  | damaged in melee. [demonic ancestry]
   774 | D:2      | Reached XP level 3. HP: 28/29 MP: 3/3
   948 | D:2      | Reached skill level 1 in Conjurations
   948 | D:2      | Reached skill level 1 in Necromancy
  1141 | D:2      | Identified the +1 leather armour of the Iron City of Dis
                  | {rN+ Regen+ Dex+2}
  1263 | D:2      | Reached skill level 1 in Spellcasting
  1263 | D:2      | Gained mutation: You have large cloven feet. [demonic
                  | ancestry]
  1263 | D:2      | Reached XP level 4. HP: 12/35 MP: 5/5
  2012 | D:3      | Gained mutation: You have hoof-like feet. [demonic
                  | ancestry]
  2012 | D:3      | Reached XP level 5. HP: 19/41 MP: 6/6
  2055 | D:3      | Noticed Jessica
  2070 | D:3      | Killed Jessica
  2454 | D:4      | Found a staircase to the Ecumenical Temple.
  2476 | Temple   | Entered the Ecumenical Temple
  2637 | D:4      | Reached XP level 6. HP: 46/48 MP: 8/8
  2650 | D:4      | Found an opulent altar of Gozag.
  2653 | D:4      | Found a hazy altar of Hepliaklqana.
  2671 | D:4      | Became a worshipper of Hepliaklqana the Forgotten
  2708 | D:4      | Found the necklace of Bloodlust {*Rage Will++ Int-3 Slay+6}
  2736 | D:4      | Noticed Pikel
  2745 | D:4      | Killed Pikel
  2746 | D:4      | Reached XP level 7. HP: 33/55 MP: 4/10
  2991 | D:4      | Reached * piety under Hepliaklqana
  3156 | D:4      | Found a sparkling altar of Nemelex Xobeh.
  3398 | D:5      | Entered Level 5 of the Dungeon
  3564 | D:5      | Found a transporter.
  3568 | D:5      | Found a transporter.
  3709 | D:5      | Found a shadowy altar of Dithmenos.
  3769 | D:5      | Reached ** piety under Hepliaklqana
  3862 | D:5      | Gained mutation: You regenerate a little health from kills.
                  | [demonic ancestry]
  3862 | D:5      | Reached XP level 8. HP: 54/54 MP: 12/12
  3993 | D:5      | Found Fiukkong's Jewellery Emporium.
  4118 | D:5      | Noticed ChrisAssaf's ghost (novice HuVM)
  4181 | D:6      | Killed an unseen horror
  4185 | D:6      | Reached skill level 5 in Fighting
  4261 | D:6      | Noticed a cyclops
  4270 | D:6      | Killed a cyclops
  4271 | D:6      | Reached XP level 9. HP: 61/61 MP: 14/14
  4512 | D:6      | Found a basalt altar of Yredelemnul.
  4618 | D:6      | Noticed Eustachio
  4627 | D:6      | Killed Eustachio
  4628 | D:6      | Reached skill level 5 in Armour
  4720 | D:7      | Reached skill level 5 in Shields
  4741 | D:7      | Reached skill level 1 in Staves
  4741 | D:7      | Reached skill level 5 in Necromancy
  4741 | D:7      | HP: 3/61 [killer bee (8)]
  4802 | D:7      | Noticed a troll
  4802 | D:7      | Noticed a cyclops
  4803 | D:7      | Noticed an ice statue
  4804 | D:7      | Noticed croobank's ghost (novice FeSu)
  5005 | D:7      | Reached skill level 5 in Axes
  5100 | D:7      | Found a flagged portal.
  5113 | Bailey   | Entered a bailey
  5149 | Bailey   | Slain by a hornet

Illustrated notes

Levels and vault maps discovered:
D:1:      roderic_dead_forest, layout_loops_cross, basic_ecumenical_altar
D:2:      layout_loops_corners, minmay_pentomino_s4
D:3:      layout_rooms, uniq_jessica
D:4:      layout_basic, gammafunk_temple_overflow_elements,
          nicolae_overflow_squiral, temple_fountains, minmay_cupped, uniq_pikel
D:5:      layout_gridville, grunt_dithmenos_smoke_and_mirrors, serial_shops,
          kennysheep_mini_moat, gammafunk_ghost_gnarly_gnolls,
          kennysheep_generic_room_12
D:6:      layout_basic, lemuel_zombie_altar_yredelemnul, minmay_manual_maat,
          uniq_eustachio
D:7:      layout_cave_pools, nzn_ghost_randoct, enter_bailey_3, serial_park,
          serial_park_square2, serial_park_gazebo [serial_park_minivault_5x5_6],
          serial_park_tiny_2, serial_park_tiny_2
Temple:   hellmonk_temple_two_chambers
Bailey:   bailey_polearm_flooded_kennysheep, bailey

Skill      XL: |  1  2  3  4  5  6  7  8  9 |
---------------+----------------------------+-----
Axes           | 2 3 4 5 |  5.0
Conjurations   | 1 2 3 4 |  4.9
Necromancy     | 1 2 3 4 5 |  5.3
Armour         | 3 4 5 |  5.3
Shields        | 3 4 5 |  5.3
Spellcasting   | 1 2 3 4 |  4.3
Fighting       | 4 5 |  5.9
Staves         | 2 |  2.3

Action                   |  1- 3 |  4- 6 |  7- 9 || total
-------------------------+-------+-------+-------++-------
Melee: War axe           |    39 |       |       ||    39
       Short sword       |    30 |       |       ||    30
       Dagger            |    35 |   106 |   145 ||   286
       Kick              |       |    24 |     3 ||    27
Evoke: Wand              |       |       |     1 ||     1
  Use: Potion            |       |     1 |     4 ||     5
 Stab: Distracted        |       |       |     3 ||     3
       Sleeping          |       |       |     1 ||     1
Armor: Scale mail        |    56 |       |       ||    56
       Leather armour    |     5 |    26 |    74 ||   105
Dodge: Dodged            |    52 |    48 |   119 ||   219
Block: Buckler           |    28 |    25 |    60 ||   113
